[ AOE2 MATCH · #507129129 ]
UnrankedBurgundians vs Poles
Player's team · LOSS
Rival team · WIN
[ REPLAY ANALYSIS · EXTRACTED FROM THE RECORDED GAME ]
Feudal
9:26
Castle
23:27
Imperial
36:07
| APM avg | 35.3 |
| APM peak | 123 |
| eAPM avg | 15.5 |
| Villagers / military | 95 / 32 |
Focus
⚔️ 28.5% · 🌾 71.5%
Coustillier ×18 · Monk ×6 · Spearman ×5 · Militia ×2 · Battering Ram ×1
Feudal
17:00
Castle
23:43
Imperial
—
| APM avg | 45.8 |
| APM peak | 94 |
| eAPM avg | 27.6 |
| Villagers / military | 79 / 136 |
Focus
⚔️ 42.4% · 🌾 57.6%
Knight ×122 · Obuch ×11 · Battering Ram ×3
Match map
Initial resources + every placement click. Lines = walls · curves = elevation contours. ◆ gold · ⬟ stone · ● berries · ✦ relic · ◌ wall gap
Your base· ✓ Closed at 23:27 · 16t walls · fragile
ferminsin's base· ✓ Closed at 23:43 · 124t walls · fragile
Smoothed initial terrain · ◌ = detected wall gap · hover for details
Inputs per minute
— Vitals - - ferminsin
Build order — Vitals
First 150 of 259 actions detected
| 0:01 | Queue | Villager (Male) ×4 |
| 0:02 | Build | House |
| 0:04 | Build | House |
| 1:27 | Queue | Villager (Male) |
| 1:27 | Queue | Villager (Male) |
| 1:50 | Build | Lumber Camp |
| 2:01 | Queue | Villager (Male) |
| 2:15 | Queue | Villager (Male) |
| 2:15 | Queue | Villager (Male) |
| 2:46 | Queue | Villager (Male) |
| 2:59 | Queue | Villager (Male) |
| 3:15 | Build | House |
| 3:29 | Queue | Villager (Male) |
| 4:04 | Queue | Villager (Male) |
| 4:21 | Queue | Villager (Male) |
| 4:54 | Queue | Villager (Male) |
| 4:57 | Queue | Villager (Male) |
| 5:15 | Queue | Villager (Male) |
| 5:20 | Build | Palisade Wall |
| 5:23 | Build | Palisade Wall |
| 5:49 | Queue | Villager (Male) |
| 5:50 | Queue | Villager (Male) |
| 5:50 | Queue | Villager (Male) |
| 5:51 | Queue | Villager (Male) |
| 6:07 | Queue | Villager (Male) |
| 6:08 | Queue | Villager (Male) |
| 6:08 | Queue | Villager (Male) |
| 6:33 | Research | Loom |
| 6:38 | Build | Barracks |
| 7:16 | Research | Feudal Age |
| 7:32 | Build | Palisade Wall |
| 7:34 | Build | Palisade Wall |
| 7:36 | Build | Palisade Wall |
| 7:37 | Build | Palisade Wall |
| 8:00 | Queue | Militia |
| 8:00 | Queue | Militia |
| 8:03 | Build | House |
| 8:09 | Build | House |
| 8:47 | Build | House |
| 9:26 | Age | Feudal Age |
| 10:04 | Build | Mining Camp |
| 10:04 | Queue | Villager (Male) |
| 10:14 | Build | Mill |
| 10:20 | Queue | Villager (Male) |
| 10:33 | Build | Lumber Camp |
| 10:40 | Research | Double-Bit Axe |
| 11:01 | Build | Farm |
| 11:01 | Build | Farm |
| 11:02 | Build | Farm |
| 11:02 | Build | Farm |
| 11:03 | Build | Farm |
| 11:48 | Build | Farm |
| 12:04 | Build | Farm |
| 12:08 | Build | Farm |
| 12:09 | Queue | Villager (Male) |
| 12:13 | Build | House |
| 12:40 | Queue | Villager (Male) |
| 12:43 | Build | Farm |
| 12:56 | Build | Outpost |
| 13:14 | Research | Town Watch |
| 13:14 | Research | Town Watch |
| 13:18 | Build | Watch Tower |
| 13:42 | Build | Farm |
| 13:42 | Queue | Villager (Male) |
| 13:56 | Build | Market |
| 13:59 | Queue | Villager (Male) |
| 14:13 | Build | Farm |
| 14:21 | Research | Horse Collar |
| 14:28 | Build | Palisade Wall |
| 14:31 | Build | Palisade Wall |
| 14:36 | Queue | Villager (Male) |
| 14:36 | Queue | Villager (Male) |
| 14:37 | Build | Farm |
| 14:44 | Build | Outpost |
| 14:54 | Queue | Villager (Male) |
| 14:54 | Queue | Villager (Male) |
| 15:13 | Build | Outpost |
| 15:18 | Build | Watch Tower |
| 15:25 | Queue | Villager (Male) |
| 15:25 | Queue | Villager (Male) |
| 15:25 | Queue | Villager (Male) |
| 15:27 | Build | Farm |
| 15:28 | Build | Farm |
| 15:31 | Build | Palisade Wall |
| 15:36 | Queue | Villager (Male) |
| 15:40 | Build | Palisade Wall |
| 15:45 | Build | Watch Tower |
| 15:53 | Build | Farm |
| 16:21 | Research | Bow Saw |
| 16:21 | Research | Bow Saw |
| 16:42 | Build | Farm |
| 16:49 | Build | Palisade Wall |
| 16:51 | Build | House |
| 17:03 | Build | Palisade Wall |
| 17:06 | Build | Palisade Wall |
| 17:13 | Queue | Villager (Male) |
| 17:33 | Queue | Villager (Male) |
| 17:58 | Build | Watch Tower |
| 18:05 | Queue | Villager (Male) |
| 18:16 | Queue | Villager (Male) |
| 18:16 | Queue | Villager (Male) |
| 18:33 | Build | Farm |
| 18:36 | Build | Farm |
| 18:37 | Build | Farm |
| 19:05 | Build | Watch Tower |
| 19:14 | Build | Farm |
| 19:21 | Queue | Villager (Male) |
| 19:24 | Build | Blacksmith |
| 19:27 | Build | House |
| 19:41 | Queue | Villager (Male) |
| 19:44 | Build | Farm |
| 20:01 | Build | Farm |
| 20:22 | Queue | Villager (Male) |
| 20:24 | Build | Farm |
| 20:39 | Research | Castle Age |
| 20:43 | Build | Palisade Wall |
| 20:44 | Build | House |
| 20:59 | Build | Palisade Wall |
| 21:00 | Build | Palisade Wall |
| 21:26 | Build | House |
| 21:33 | Research | Stone Mining |
| 21:33 | Research | Gold Mining |
| 21:49 | Research | Fletching |
| 22:04 | Build | Watch Tower |
| 22:18 | Build | Outpost |
| 23:27 | Age | Castle Age |
| 23:34 | Queue | Villager (Male) |
| 23:52 | Queue | Villager (Male) |
| 24:01 | Build | Town Center |
| 24:01 | Queue | Villager (Male) |
| 24:27 | Queue | Villager (Male) |
| 24:41 | Queue | Villager (Male) |
| 24:45 | Build | University |
| 24:46 | Queue | Villager (Male) |
| 25:13 | Research | Wheelbarrow |
| 25:45 | Build | Mining Camp |
| 25:53 | Queue | Villager (Male) |
| 25:56 | Queue | Villager (Male) |
| 26:25 | Build | Siege Workshop |
| 26:32 | Queue | Villager (Male) |
| 26:39 | Queue | Villager (Male) |
| 27:00 | Queue | Villager (Male) |
| 27:05 | Queue | Battering Ram |
| 27:11 | Queue | Villager (Male) |
| 27:17 | Queue | Villager (Male) |
| 27:35 | Build | Castle |
| 27:37 | Queue | Villager (Male) |
| 27:50 | Build | Monastery |
| 28:02 | Queue | Villager (Male) |
| 28:05 | Build | Farm |
Build order — ferminsin
First 150 of 342 actions detected
| 0:01 | Queue | Villager (Male) |
| 0:01 | Queue | Villager (Male) |
| 0:02 | Queue | Villager (Male) |
| 0:04 | Build | House |
| 0:05 | Build | House |
| 0:08 | Queue | Villager (Male) |
| 0:08 | Queue | Villager (Male) |
| 1:29 | Queue | Villager (Male) |
| 1:30 | Queue | Villager (Male) |
| 1:51 | Build | Lumber Camp |
| 2:12 | Queue | Villager (Male) |
| 2:12 | Queue | Villager (Male) |
| 2:19 | Research | Loom |
| 2:22 | Queue | Villager (Male) |
| 2:22 | Queue | Villager (Male) |
| 2:32 | Build | House |
| 2:51 | Queue | Villager (Male) |
| 2:51 | Queue | Villager (Male) |
| 2:52 | Queue | Villager (Male) |
| 2:52 | Queue | Villager (Male) |
| 3:05 | Queue | Villager (Male) |
| 3:24 | Build | Palisade Wall |
| 4:01 | Build | Palisade Wall |
| 4:02 | Build | Palisade Wall |
| 4:03 | Build | Palisade Wall |
| 4:03 | Build | Palisade Wall |
| 4:03 | Build | Palisade Wall |
| 4:03 | Build | Palisade Wall |
| 4:04 | Build | Palisade Wall |
| 4:04 | Build | Palisade Wall |
| 4:05 | Build | Palisade Wall |
| 4:05 | Build | Palisade Wall |
| 4:05 | Build | Palisade Wall |
| 4:06 | Build | Palisade Wall |
| 4:06 | Build | Palisade Wall |
| 4:06 | Build | Palisade Wall |
| 4:06 | Build | Palisade Wall |
| 4:07 | Build | Palisade Wall |
| 4:07 | Build | Palisade Wall |
| 4:22 | Queue | Villager (Male) |
| 4:23 | Queue | Villager (Male) |
| 4:53 | Build | Palisade Wall |
| 4:54 | Build | Palisade Wall |
| 4:55 | Build | Palisade Wall |
| 4:56 | Build | Palisade Wall |
| 4:56 | Build | Palisade Wall |
| 4:56 | Build | Palisade Wall |
| 4:57 | Build | Palisade Wall |
| 4:57 | Build | Palisade Wall |
| 4:57 | Build | Palisade Wall |
| 4:57 | Build | Palisade Wall |
| 4:58 | Build | Palisade Wall |
| 4:58 | Build | Palisade Wall |
| 4:58 | Build | Palisade Wall |
| 5:18 | Build | Palisade Wall |
| 5:19 | Build | Palisade Wall |
| 5:26 | Build | Palisade Wall |
| 5:31 | Queue | Villager (Male) |
| 5:32 | Queue | Villager (Male) |
| 5:32 | Queue | Villager (Male) |
| 6:02 | Build | Palisade Wall |
| 6:03 | Build | Palisade Wall |
| 6:03 | Build | Palisade Wall |
| 6:10 | Build | Palisade Wall |
| 6:10 | Build | Palisade Wall |
| 6:11 | Build | Palisade Wall |
| 6:11 | Build | Palisade Wall |
| 6:12 | Build | Palisade Wall |
| 6:20 | Build | Palisade Wall |
| 6:20 | Build | Palisade Wall |
| 6:23 | Build | Palisade Wall |
| 6:24 | Build | Palisade Wall |
| 6:25 | Build | Palisade Wall |
| 6:25 | Build | Palisade Wall |
| 6:25 | Build | Palisade Wall |
| 6:26 | Build | Palisade Wall |
| 6:26 | Build | Palisade Wall |
| 6:26 | Build | Palisade Wall |
| 6:26 | Build | Palisade Wall |
| 6:26 | Build | Palisade Wall |
| 6:27 | Build | Palisade Wall |
| 6:28 | Queue | Villager (Male) |
| 6:28 | Queue | Villager (Male) |
| 6:28 | Queue | Villager (Male) |
| 6:44 | Build | House |
| 6:59 | Build | Palisade Wall |
| 7:00 | Build | Palisade Wall |
| 7:09 | Build | Palisade Wall |
| 7:11 | Build | House |
| 7:18 | Build | Palisade Wall |
| 7:19 | Build | Palisade Wall |
| 7:20 | Build | Palisade Wall |
| 7:20 | Build | Palisade Wall |
| 7:21 | Build | Palisade Wall |
| 7:21 | Build | Palisade Wall |
| 7:22 | Queue | Villager (Male) |
| 7:22 | Queue | Villager (Male) |
| 7:23 | Queue | Villager (Male) |
| 7:24 | Queue | Villager (Male) |
| 7:25 | Queue | Villager (Male) |
| 7:36 | Queue | Villager (Male) |
| 7:36 | Queue | Villager (Male) |
| 7:44 | Build | Mill |
| 7:56 | Build | Palisade Wall |
| 8:04 | Build | Palisade Wall |
| 8:06 | Queue | Villager (Male) |
| 8:06 | Queue | Villager (Male) |
| 8:31 | Build | Palisade Wall |
| 8:33 | Queue | Villager (Male) |
| 9:02 | Queue | Villager (Male) |
| 9:04 | Build | Farm |
| 9:10 | Build | Palisade Wall |
| 9:15 | Build | Palisade Wall |
| 9:34 | Build | Palisade Wall |
| 9:35 | Build | Palisade Wall |
| 9:40 | Build | Palisade Wall |
| 9:41 | Build | Palisade Wall |
| 9:48 | Build | Palisade Wall |
| 9:52 | Build | Palisade Wall |
| 9:53 | Build | Palisade Wall |
| 10:03 | Build | Farm |
| 10:18 | Build | Palisade Wall |
| 10:22 | Build | Palisade Wall |
| 10:23 | Queue | Villager (Male) |
| 10:31 | Build | Palisade Wall |
| 10:39 | Build | House |
| 10:39 | Build | Palisade Wall |
| 10:40 | Queue | Villager (Male) |
| 10:43 | Build | Mill |
| 10:43 | Queue | Villager (Male) |
| 10:44 | Queue | Villager (Male) |
| 10:51 | Queue | Villager (Male) |
| 10:51 | Queue | Villager (Male) |
| 10:56 | Build | House |
| 11:00 | Build | Palisade Wall |
| 11:20 | Build | Palisade Wall |
| 11:25 | Build | Farm |
| 11:40 | Build | Lumber Camp |
| 12:02 | Build | House |
| 12:05 | Build | Palisade Wall |
| 12:07 | Queue | Villager (Male) |
| 12:14 | Build | Mining Camp |
| 12:45 | Queue | Villager (Male) |
| 12:54 | Build | Farm |
| 12:56 | Queue | Villager (Male) |
| 13:01 | Build | Palisade Wall |
| 13:20 | Queue | Villager (Male) |
| 13:25 | Build | Farm |
| 13:42 | Queue | Villager (Male) |
| 14:06 | Build | Farm |
Match timeline
| 3:24 | ferminsin · wall_segment Palisade Wall x1 |
| 4:01 | ferminsin · wall_segment Palisade Wall x1 |
| 4:02 | ferminsin · wall_segment Palisade Wall x1 |
| 4:03 | ferminsin · wall_segment Palisade Wall x1 |
| 4:03 | ferminsin · wall_segment Palisade Wall x1 |
| 4:03 | ferminsin · wall_segment Palisade Wall x2 |
| 4:03 | ferminsin · wall_segment Palisade Wall x1 |
| 4:04 | ferminsin · wall_segment Palisade Wall x1 |
| 4:04 | ferminsin · wall_segment Palisade Wall x1 |
| 4:05 | ferminsin · wall_segment Palisade Wall x1 |
| 4:05 | ferminsin · wall_segment Palisade Wall x2 |
| 4:05 | ferminsin · wall_segment Palisade Wall x1 |
| 4:06 | ferminsin · wall_segment Palisade Wall x1 |
| 4:06 | ferminsin · wall_segment Palisade Wall x1 |
| 4:06 | ferminsin · wall_segment Palisade Wall x2 |
| 4:06 | ferminsin · wall_segment Palisade Wall x2 |
| 4:07 | ferminsin · wall_segment Palisade Wall x2 |
| 4:07 | ferminsin · wall_segment Palisade Wall x1 |
| 4:53 | ferminsin · wall_segment Palisade Wall x1 |
| 4:54 | ferminsin · wall_segment Palisade Wall x1 |
| 4:55 | ferminsin · wall_segment Palisade Wall x1 |
| 4:56 | ferminsin · wall_segment Palisade Wall x1 |
| 4:56 | ferminsin · wall_segment Palisade Wall x1 |
| 4:56 | ferminsin · wall_segment Palisade Wall x2 |
| 4:57 | ferminsin · wall_segment Palisade Wall x2 |
| 4:57 | ferminsin · wall_segment Palisade Wall x1 |
| 4:57 | ferminsin · wall_segment Palisade Wall x1 |
| 4:57 | ferminsin · wall_segment Palisade Wall x1 |
| 4:58 | ferminsin · wall_segment Palisade Wall x2 |
| 4:58 | ferminsin · wall_segment Palisade Wall x1 |
| 4:58 | ferminsin · wall_segment Palisade Wall x1 |
| 5:18 | ferminsin · wall_segment Palisade Wall x1 |
| 5:19 | ferminsin · wall_segment Palisade Wall x1 |
| 5:20 | Vitals · wall_segment Palisade Wall x1 |
| 5:23 | Vitals · wall_segment Palisade Wall x1 |
| 5:26 | ferminsin · wall_segment Palisade Wall x1 |
| 6:02 | ferminsin · wall_segment Palisade Wall x1 |
| 6:03 | ferminsin · wall_segment Palisade Wall x1 |
| 6:03 | ferminsin · wall_segment Palisade Wall x1 |
| 6:10 | ferminsin · wall_segment Palisade Wall x1 |
| 6:10 | ferminsin · wall_segment Palisade Wall x1 |
| 6:11 | ferminsin · wall_segment Palisade Wall x1 |
| 6:11 | ferminsin · wall_segment Palisade Wall x1 |
| 6:12 | ferminsin · wall_segment Palisade Wall x1 |
| 6:20 | ferminsin · wall_segment Palisade Wall x1 |
| 6:20 | ferminsin · wall_segment Palisade Wall x1 |
| 6:23 | ferminsin · wall_segment Palisade Wall x1 |
| 6:24 | ferminsin · wall_segment Palisade Wall x1 |
| 6:25 | ferminsin · wall_segment Palisade Wall x1 |
| 6:25 | ferminsin · wall_segment Palisade Wall x2 |
| 6:25 | ferminsin · wall_segment Palisade Wall x1 |
| 6:26 | ferminsin · wall_segment Palisade Wall x1 |
| 6:26 | ferminsin · wall_segment Palisade Wall x1 |
| 6:26 | ferminsin · wall_segment Palisade Wall x2 |
| 6:26 | ferminsin · wall_segment Palisade Wall x1 |
| 6:26 | ferminsin · wall_segment Palisade Wall x1 |
| 6:27 | ferminsin · wall_segment Palisade Wall x2 |
| 6:38 | Vitals · first_building Barracks |
| 6:59 | ferminsin · wall_segment Palisade Wall x1 |
| 7:00 | ferminsin · wall_segment Palisade Wall x1 |
| 7:09 | ferminsin · wall_segment Palisade Wall x1 |
| 7:18 | ferminsin · wall_segment Palisade Wall x1 |
| 7:19 | ferminsin · wall_segment Palisade Wall x1 |
| 7:20 | ferminsin · wall_segment Palisade Wall x1 |
| 7:20 | ferminsin · wall_segment Palisade Wall x2 |
| 7:21 | ferminsin · wall_segment Palisade Wall x2 |
| 7:21 | ferminsin · wall_segment Palisade Wall x1 |
| 7:32 | Vitals · wall_segment Palisade Wall x1 |
| 7:34 | Vitals · wall_segment Palisade Wall x1 |
| 7:36 | Vitals · wall_segment Palisade Wall x1 |
| 7:37 | Vitals · wall_segment Palisade Wall x1 |
| 7:56 | ferminsin · wall_segment Palisade Wall x1 |
| 8:04 | ferminsin · wall_segment Palisade Wall x1 |
| 8:31 | ferminsin · wall_segment Palisade Wall x1 |
| 9:10 | ferminsin · wall_segment Palisade Wall x8 |
| 9:15 | ferminsin · wall_segment Palisade Wall x6 |
| 9:26 | Vitals · age_up feudal |
| 9:34 | ferminsin · wall_segment Palisade Wall x1 |
| 9:35 | ferminsin · wall_segment Palisade Wall x1 |
| 9:40 | ferminsin · wall_segment Palisade Wall x1 |
| 9:41 | ferminsin · wall_segment Palisade Wall x1 |
| 9:48 | ferminsin · wall_segment Palisade Wall x1 |
| 9:52 | ferminsin · wall_segment Palisade Wall x1 |
| 9:53 | ferminsin · wall_segment Palisade Wall x1 |
| 10:18 | ferminsin · wall_segment Palisade Wall x2 |
| 10:22 | ferminsin · wall_segment Palisade Wall x9 |
| 10:31 | ferminsin · wall_segment Palisade Wall x1 |
| 10:39 | ferminsin · wall_segment Palisade Wall x6 |
| 11:00 | ferminsin · wall_segment Palisade Wall x1 |
| 11:20 | ferminsin · wall_segment Palisade Wall x5 |
| 12:05 | ferminsin · wall_segment Palisade Wall x3 |
| 13:01 | ferminsin · wall_segment Palisade Wall x1 |
| 14:28 | Vitals · wall_segment Palisade Wall x1 |
| 14:31 | Vitals · wall_segment Palisade Wall x1 |
| 15:31 | Vitals · wall_segment Palisade Wall x1 |
| 15:40 | Vitals · wall_segment Palisade Wall x1 |
| 16:49 | Vitals · wall_segment Palisade Wall x1 |
| 17:00 | ferminsin · age_up feudal |
| 17:03 | Vitals · wall_segment Palisade Wall x1 |
| 17:06 | Vitals · wall_segment Palisade Wall x1 |
| 17:34 | ferminsin · wall_segment Palisade Wall x1 |
| 17:36 | ferminsin · wall_segment Palisade Wall x1 |
| 17:36 | ferminsin · wall_segment Palisade Wall x1 |
| 17:38 | Vitals · first_market_sell 100 wood |
| 17:42 | ferminsin · wall_segment Palisade Wall x1 |
| 18:14 | ferminsin · wall_segment Palisade Wall x1 |
| 18:52 | ferminsin · wall_segment Palisade Wall x1 |
| 18:53 | ferminsin · wall_segment Palisade Wall x1 |
| 18:55 | ferminsin · wall_segment Palisade Wall x1 |
| 19:15 | ferminsin · wall_segment Palisade Wall x1 |
| 20:34 | ferminsin · wall_segment Palisade Wall x1 |
| 20:43 | ferminsin · wall_segment Palisade Wall x1 |
| 20:43 | Vitals · wall_segment Palisade Wall x1 |
| 20:59 | Vitals · wall_segment Palisade Wall x1 |
| 21:00 | Vitals · wall_segment Palisade Wall x1 |
| 22:36 | ferminsin · first_building Barracks |
| 22:48 | ferminsin · wall_segment Palisade Wall x1 |
| 23:27 | Vitals · age_up castle |
| 23:43 | ferminsin · age_up castle |
| 24:15 | ferminsin · wall_segment Palisade Wall x1 |
| 24:17 | ferminsin · wall_segment Palisade Wall x1 |
| 24:27 | ferminsin · wall_segment Palisade Wall x1 |
| 24:29 | ferminsin · wall_segment Palisade Wall x1 |
| 24:31 | ferminsin · wall_segment Palisade Wall x1 |
| 25:01 | ferminsin · first_building Castle |
| 25:24 | ferminsin · first_building Stable |
| 25:53 | ferminsin · wall_segment Palisade Wall x1 |
| 25:56 | ferminsin · wall_segment Palisade Wall x1 |
| 25:58 | ferminsin · wall_segment Palisade Wall x1 |
| 26:25 | Vitals · first_building Siege Workshop |
| 27:18 | ferminsin · wall_segment Palisade Wall x1 |
| 27:19 | ferminsin · wall_segment Palisade Wall x1 |
| 27:35 | Vitals · first_building Castle |
| 27:50 | Vitals · first_building Monastery |
| 29:47 | ferminsin · first_market_buy 100 food |
| 33:11 | ferminsin · wall_segment Palisade Wall x1 |
| 33:51 | Vitals · first_building Stable |
| 34:00 | ferminsin · wall_segment Palisade Wall x1 |
| 34:02 | ferminsin · wall_segment Palisade Wall x1 |
| 36:03 | ferminsin · wall_segment Palisade Wall x1 |
| 36:07 | Vitals · age_up imperial |
| 38:11 | ferminsin · first_market_sell 100 wood |
| 39:06 | ferminsin · first_building Siege Workshop |
| 40:44 | Vitals · resign |
[ AI ANALYSIS · 1 CREDIT ]
What really happened in this match?
Wolo.gg analyzes every decision: build order, eco, micro, common mistakes by bracket. Personalized analysis on WhatsApp or Discord in 30 seconds.
Civ guide
Burgundians
Perfil
Jugador #211451